 Dungeon Crawl Stone Soup version 0.29.1 (webtiles) character file.

Game seed: 4977110011824376959

6624 funnyparkerb the Carver (level 11, 0/90 HPs)
             Began as a Merfolk Monk on Sept 13, 2022.
             Was a High Priest of Okawaru.
             Slain by a troll (13 damage)
             ... on level 9 of the Dungeon.
             The game lasted 00:32:38 (13390 turns).

funnyparkerb the Carver (Merfolk Monk)             Turns: 13390, Time: 00:32:39

Health: 0/90       AC:  8    Str: 11    XL:     11   Next: 2%
Magic:  11/13      EV: 27    Int: 10    God:    Okawaru [*****.]
Gold:   618        SH:  5    Dex: 21    Spells: 9/10 levels left

rFire   . . .      SeeInvis .   c - +6 great sword
rCold   + . .      Faith    .   (shield currently unavailable)
rNeg    . . .      Spirit   .   s - +0 ring mail {rC+}
rPois   .          Reflect  +   r - +0 helmet
rElec   .          Harm     .   (no cloak)
rCorr   .          Rampage  .   (no gloves)
Will    .....                   (no boots)
Stlth   +++.......              p - amulet of reflection
HPRegen 0.25/turn               G - +4 ring of evasion
MPRegen 0.13/turn               I - +4 ring of evasion

@: heroic
A: (nimble swimmer 2), mertail, mutation resistance 1
a: Renounce Religion, Heroism, Finesse, Duel


You were on level 9 of the Dungeon.
You worshipped Okawaru.
Okawaru was extremely pleased with you.
You visited 2 branches of the dungeon, and saw 11 of its levels.
You also visited: Ossuary.

You collected 618 gold pieces.

Inventory:

Hand Weapons
 a - a +0 long sword
 c - a +6 great sword (weapon)
 j - a +0 scimitar
 u - a +0 dire flail
Missiles
 H - 2 throwing nets (quivered)
 L - 6 javelins
Armour
 d - a +0 robe
 r - a +0 helmet (worn)
 s - a +0 ring mail of cold resistance (worn)
Jewellery
 p - an amulet of reflection (around neck)
 t - a +6 ring of intelligence
 y - an amulet of magic regeneration
 B - an amulet of faith
 G - a +4 ring of evasion (left hand)
 I - a +4 ring of evasion (right hand)
 N - a ring of protection from cold
 Q - a ring of positive energy
Wands
 b - a wand of charming (7)
 O - a wand of flame (18)
 P - a wand of light (5)
Scrolls
 e - 2 scrolls of noise {unknown}
 f - a scroll of amnesia {unknown}
 g - 2 scrolls of enchant weapon
 i - 2 scrolls of immolation {unknown}
 k - 2 scrolls of butterflies
 o - 10 scrolls of identify {unknown}
 q - a scroll of summoning {unknown}
 x - 3 scrolls of magic mapping {unknown}
 C - a scroll of brand weapon {unknown}
 D - a scroll of acquirement {unknown}
 F - 3 scrolls of enchant armour {unknown}
 M - a scroll of silence {unknown}
Potions
 h - a potion of haste {unknown}
 l - 4 potions of curing
 m - 4 potions of attraction {unknown}
 n - a potion of cancellation {unknown}
 v - a potion of resistance {unknown}
 w - 2 potions of flight {unknown}
 z - 2 potions of brilliance
 A - 4 potions of degeneration {unknown}
 E - 3 potions of heal wounds {unknown}
 J - a potion of mutation
 K - a potion of magic {unknown}


   Skills:
 * Level 9.9(14.9) Fighting
 - Level 14.0(19.0) Long Blades
 - Level 3.0(8.0) Armour
 + Level 8.9(13.9) Dodging
 - Level 2.1(7.1) Stealth
 + Level 3.5 Invocations


You had 9 spell levels left.
You knew the following spells:

 Your Spells              Type           Power      Damage    Failure   Level
a - Apportation           Tloc           0%         N/A       61%         1

Your spell library contained the following spells:

 Spells                   Type           Power      Damage    Failure   Level
 Beastly Appendage        Tmut           0%         N/A       61%         1
 Ensorcelled Hibernation  Hex/Ice        0%         N/A       75%         2
 Wereblood                Tmut           0%         N/A       75%         2
 Spider Form              Tmut/Pois      0%         N/A       93%         3
 Anguish                  Hex/Necr       0%         N/A       100%        4
 Alistair's Intoxication  Tmut/Pois      0%         N/A       100%        5
 Borgnjor's Vile Clutch   Necr/Erth      0%         N/A       100%        5
 Conjure Ball Lightning   Conj/Air       0%         3x3d6     100%        6
 Discord                  Hex            0%         N/A       100%        8
 Disjunction              Tloc           0%         N/A       100%        8
 Animate Dead             Necr           Unusable   N/A       N/A         4
 Death Channel            Necr           Unusable   N/A       N/A         6

Dungeon Overview and Level Annotations

Branches:
Dungeon (10/15)            Temple (1/1) D:4            Lair (0/5) D:8
Ossuary (visited)
    Orc: D:9-12

Altars:
Ashenzari
Cheibriados
Fedhas
Gozag
Hepliaklqana
Makhleb
Okawaru
Qazlal
Uskayaw
Vehumet
Xom
Yredelemnul
Zin

Shops:
D:7 [:=:

Annotations:
D:7 2 transporters, hawkwood's ghost, novice DgAr


Innate Abilities, Weirdness & Mutations

((You are very nimble when in or above water. (Stealth+, EV+, Speed+++)))
Your lower body shifts to a powerful aquatic tail in water.
You are somewhat resistant to further mutation.


Message History

The shadow hits you.
You barely miss the shadow.
The shadow is almost destroyed.
The shadow hits you.
You barely miss the shadow.
The shadow is almost destroyed.
The shadow slips into darkness.
The shadow flickers and vanishes!
Deactivating autopickup; reactivate with Ctrl-A.
You hit something. Okawaru accepts your kill.
Reactivating autopickup.
You feel a bit more experienced.
You see here a howler monkey corpse.
You block the troll's attack. The troll completely misses you.
The troll barely misses you.
You hit the troll but do no damage. The troll bites you but does no damage.
The troll claws you! The troll claws you.
You slash the troll!
The troll is moderately wounded.
You block the troll's attack. The troll closely misses you.
The troll misses you. The troll barely misses you.
You block the troll's attack. The troll claws you. The troll bites you.
The troll claws you but does no damage. The troll misses you.
Items here: ))) [[[ ÷÷÷.
There is a stone staircase leading down, spattered with blood here.
The troll attacks as you move away! The troll bites you!
* * * LOW HITPOINT WARNING * * *
The troll barely misses you. The troll claws you.
* * * LOW HITPOINT WARNING * * *
Okay, then.
You gain the combat prowess of a mighty hero.
The troll bites you.
* * * LOW HITPOINT WARNING * * *
The troll claws you!
* * * LOW HITPOINT WARNING * * *
The troll closely misses you.
You feel better. The troll bites you!
You die...

#.{.........# #..# #..#
...#######..# #..# #..# ...# #..#
#†Y# #..# #..# #..# #..# #..#
#..#######..# #[)# #..#
#...........####..####..#
#..............†>...)...#
#..#######.....YT.......# #..#
#..####@.####..# #..# #..# #..#
#..# #..# #..# #..# #..#
#..#######..####..####..########.
..............................c..
.................................
##########..#####..####..#######T
# #..# #..# #..# # #.<# #..# #..#


You could see 2 yaks and a troll.

Vanquished Creatures
  Pikel (D:7)
  A shadow (D:9)
  A wyvern (D:8)
  7 yaks
  A steam dragon (D:7)
  2 wargs
  A sky beast (D:8)
  2 orc warriors
  2 black bears
  3 ice beasts (D:7)
  2 ogres
  2 centaurs
  A phantom (D:5)
  A lemure (D:6)
  4 bullfrogs
  3 elf zombies (Ossuary)
  A gnoll sergeant (D:5)
  3 necrophages
  4 scorpions
  8 wights
  4 killer bees (D:8)
  4 howler monkeys
  A centaur zombie (Ossuary)
  4 gnoll boudas
  A human zombie (Ossuary)
  7 orc priests
  6 hounds
  Ijyb (D:3)
  Natasha (thrice) (D:3)
  Terence (D:3)
  2 iguanas
  11 orc wizards
  A hell rat (D:8)
  2 hound zombies (Ossuary)
  3 mummies (Ossuary)
  28 gnolls
  2 river rats (D:8)
  6 adders
  2 shadow imps (D:7)
  5 adder zombies (Ossuary)
  3 worms
  31 orcs
  7 bats
  10 endoplasms
  5 giant cockroaches
  3 goblins
  5 hobgoblins
  6 jackals
  10 kobolds
  13 quokkas
  8 ball pythons
  4 frilled lizards
  2 goblin zombies (Ossuary)
  2 hobgoblin zombies (Ossuary)
  3 jackal zombies (Ossuary)
  3 kobold zombies (Ossuary)
  2 orc zombies (Ossuary)
  4 quokka zombies (Ossuary)
  8 rats
  7 rat zombies (Ossuary)
280 creatures vanquished.

Vanquished Creatures (collateral kills)
  A wight (D:5)
1 creature vanquished.

Vanquished Creatures (others)
  7 fungi (D:5)
7 creatures vanquished.

Grand Total: 288 creatures vanquished

Notes
Turn   | Place    | Note
-------+----------+-------------------------------------------
     0 | D:1      | funnyparkerb the Merfolk Monk began the quest for the Orb.
     0 | D:1      | Reached XP level 1. HP: 18/18 MP: 1/1
    33 | D:1      | Reached skill level 4 in Long Blades
   244 | D:1      | Reached XP level 2. HP: 15/24 MP: 2/2
   368 | D:1      | Found a faded altar of an unknown god.
   916 | D:1      | Reached skill level 5 in Long Blades
   916 | D:1      | Reached XP level 3. HP: 29/29 MP: 3/3
  1975 | D:2      | Found a radiant altar of Vehumet.
  2012 | D:2      | Reached XP level 4. HP: 29/35 MP: 4/4
  2273 | D:2      | Reached skill level 6 in Long Blades
  2516 | D:3      | Noticed Natasha
  2887 | D:3      | Noticed Ijyb
  2925 | D:3      | Killed Ijyb
  3343 | D:3      | Reached XP level 5. HP: 40/42 MP: 5/5
  3430 | D:3      | Noticed Terence
  3772 | D:3      | Killed Terence
  4046 | D:3      | Killed Natasha
  4099 | D:3      | Noticed Natasha
  4115 | D:3      | Killed Natasha
  4157 | D:3      | Noticed Natasha
  4172 | D:3      | Killed Natasha
  4173 | D:3      | Reached skill level 5 in Dodging
  4236 | D:4      | Reached XP level 6. HP: 50/50 MP: 6/6
  4283 | D:4      | Reached skill level 5 in Fighting
  4405 | D:4      | Found a broken altar of Ashenzari.
  4457 | D:4      | Found a basalt altar of Yredelemnul.
  4980 | D:4      | Identified the +9 whip "Plog" {pain, Will+}
  5532 | D:4      | Found a staircase to the Ecumenical Temple.
  5593 | D:5      | Entered Level 5 of the Dungeon
  5877 | D:4      | Reached XP level 7. HP: 32/58 MP: 7/7
  6196 | D:5      | Found a sand-covered staircase.
  6205 | Ossuary  | Entered an ossuary
  6570 | Ossuary  | Reached skill level 1 in Armour
  6857 | Ossuary  | Reached XP level 8. HP: 67/67 MP: 8/8
  7609 | D:5      | Found a radiant altar of Vehumet.
  8330 | D:4      | Reached skill level 7 in Long Blades
  9111 | D:5      | Gained mutation: You are frail. (-10% HP) [potion of
                  | mutation]
  9111 | D:5      | Lost mutation: You are frail. (-10% HP) [potion of
                  | mutation]
  9111 | D:5      | Gained mutation: You occasionally lose the ability to read
                  | scrolls when taking damage. [potion of mutation]
  9111 | D:5      | Gained mutation: Your flesh is heat resistant. (rF+)
                  | [potion of mutation]
  9314 | D:5      | Lost mutation: Your flesh is heat resistant. (rF+) [potion
                  | of mutation]
  9314 | D:5      | Lost mutation: You occasionally lose the ability to read
                  | scrolls when taking damage. [potion of mutation]
  9314 | D:5      | Gained mutation: You have an increased reservoir of magic.
                  | (+10% MP) [potion of mutation]
  9314 | D:5      | Gained mutation: Your spells are a little harder to cast,
                  | but a little more powerful. [potion of mutation]
  9315 | D:5      | Lost mutation: You have an increased reservoir of magic.
                  | (+10% MP) [potion of mutation]
  9315 | D:5      | Lost mutation: Your spells are a little harder to cast, but
                  | a little more powerful. [potion of mutation]
  9315 | D:5      | Gained mutation: You are somewhat resistant to further
                  | mutation. [potion of mutation]
  9458 | D:5      | Reached XP level 9. HP: 66/73 MP: 9/9
  9530 | D:5      | Reached skill level 8 in Long Blades
  9696 | Temple   | Entered the Ecumenical Temple
  9717 | Temple   | Became a worshipper of Warmaster Okawaru
  9717 | Temple   | Reached * piety under Okawaru
  9717 | Temple   | Reached ** piety under Okawaru
  9819 | D:6      | Reached skill level 1 in Invocations
 10362 | D:6      | Reached skill level 9 in Long Blades
 10930 | D:7      | Found a transporter.
 10944 | D:7      | Noticed hawkwood's ghost (novice DgAr)
 10945 | D:7      | Noticed a cyclops
 10951 | D:7      | Noticed a troll
 10959 | D:7      | Found a transporter.
 10968 | D:7      | Found Vicwag's Antique Armour Shop.
 10977 | D:7      | Reached skill level 10 in Long Blades
 11436 | D:7      | Identified the +4 mace "Bimpueh" {flame, rF+ rCorr Dex+2}
 11549 | D:7      | Noticed Pikel
 11573 | D:7      | Killed Pikel
 11573 | D:7      | Reached *** piety under Okawaru
 11574 | D:7      | Reached skill level 11 in Long Blades
 11574 | D:7      | Reached XP level 10. HP: 76/83 MP: 11/11
 11634 | D:7      | Reached skill level 12 in Long Blades
 11666 | D:7      | Found Hainekis's Book Emporium.
 11724 | D:7      | Found Xiomiut's Jewellery Shoppe.
 11784 | D:7      | Found Zythah's Book Boutique.
 12257 | D:8      | Reached **** piety under Okawaru
 12285 | D:8      | Reached skill level 13 in Long Blades
 12466 | D:8      | Learned a level 1 spell: Apportation
 12470 | D:8      | Noticed a death yak
 12471 | D:8      | Noticed a death yak
 12583 | D:8      | Found a staircase to the Lair.
 13143 | D:10     | Entered Level 10 of the Dungeon
 13178 | D:9      | Reached skill level 14 in Long Blades
 13276 | D:10     | Reached ***** piety under Okawaru
 13368 | D:9      | Reached XP level 11. HP: 80/90 MP: 13/13
 13389 | D:9      | HP: 2/90 [troll (10)]
 13390 | D:9      | Slain by a troll

Illustrated notes

Levels and vault maps discovered:
D:1:      lightli_arrival_quake, layout_loops_ring,
          hellmonk_ecumenical_altar_run_dry
D:2:      layout_basic, basic_altar
D:3:      layout_rooms, uniq_natasha, uniq_terence, uniq_ijyb
D:4:      layout_basic, jmf_multi_god_temple, minmay_temple_entry_from_below_b
D:5:      layout_gridville, marbit_many_paths, nicolae_ossuary_entry_monument,
          dreamdust_gnoll_farm
D:6:      layout_gridville, tgw_sif
D:7:      layout_rooms, serial_shops, nicolae_lakefront_shop,
          nicolae_shop_hallway_plus, nicolae_diamond_shop, shop,
          nzn_ghost_randoct, uniq_pikel
D:8:      layout_basic, dpeg_lair_monsters
D:9:      layout_small_grid, amcnicky_altar_gilded
D:10:     layout_loops_ring, nicolae_elyvilon_peaceful_grove,
          amethyst_overflow_temple_binary, mainiacjoe_overflow_24_doors,
          minmay_orc_entry_guard_dogs, uniq_maggie, uniq_fannar, uniq_lodul,
          uniq_erica
Temple:   cyrus_circular_temple

Skill      XL: |  1  2  3  4  5  6  7  8  9 10 |
---------------+-------------------------------+-----
Long Blades    | 4 5 6 7 11 14 | 14.0
Fighting       | 4 6 7 9 |  9.9
Dodging        | 5 7 8 |  8.9
Armour         | 2 3 |  3.0
Invocations    | 2 3 |  3.5
Stealth        | |  2.1

Action                   |  1- 3 |  4- 6 |  7- 9 | 10-12 || total
-------------------------+-------+-------+-------+-------++-------
Melee: Falchion          |   122 |   237 |   396 |       ||   755
       Punch             |     1 |     2 |     9 |       ||    12
       Long sword        |       |       |    72 |       ||    72
       Great sword       |       |       |   129 |   157 ||   286
Throw: Javelin           |       |       |     5 |       ||     5
       Throwing net      |       |       |     3 |       ||     3
Invok: Heroism           |       |       |     2 |     1 ||     3
Evoke: Wand              |       |       |     6 |       ||     6
  Use: Scroll            |       |     3 |     4 |       ||     7
       Potion            |       |       |    10 |     1 ||    11
 Stab: Sleeping          |     3 |     5 |     1 |     1 ||    10
       Distracted        |     1 |     1 |       |     1 ||     3
       Invisible         |       |       |     2 |       ||     2
Armor: Robe              |    17 |       |       |       ||    17
       Ring mail         |       |    51 |   116 |    24 ||   191
       Skin              |       |       |     3 |       ||     3
Dodge: Dodged            |    83 |   143 |   401 |   173 ||   800
Block: Other             |       |    29 |   141 |    42 ||   212
       Reflection        |       |       |     1 |     5 ||     6
